 Dungeon Crawl Stone Soup version 0.31-a0-214-gb37851dbb3 (webtiles) character file.

Game seed: 14825998843039335235

4 BubbleThief the Grave Robber (level 1, 0/13 HPs)
             Began as a Demonspawn Necromancer on July 2, 2023.
             Slain by a jackal (1 damage)
             ... on level 1 of the Dungeon.
             The game lasted 00:00:41 (65 turns).

BubbleThief the Grave Robber (Demonspawn Necromancer) Turns: 65, Time: 00:00:41

Health: 0/13       AC:  2    Str:  8    XL:     1   Next: 58%
Magic:  1/3        EV: 12    Int: 16    God:
Gold:   10         SH:  0    Dex: 13    Spells: 3/4 levels left

rFire   . . .        (no weapon)
rCold   . . .        (no shield)
rNeg    . . .        a - +0 robe
rPois   .            (no helmet)
rElec   .            (no cloak)
rCorr   .            (no gloves)
SInv    .            (no boots)
Will    .....        (no amulet)
Stlth   ++           (no ring)
HPRegen 0.22/turn    (no ring)
MPRegen 0.08/turn

%: no passive effects
@: no status effects
A: no striking features
a: no special abilities


You were on level 1 of the Dungeon.
You visited 1 branch of the dungeon, and saw 1 of its levels.

You collected 10 gold pieces.

Inventory:

Armour
 a - a +0 robe (worn)
Potions
 b - a potion of magic


   Skills:
 - Level 1.7 Dodging
 - Level 1.7 Stealth
 + Level 2.1 Spellcasting
 * Level 4.6 Necromancy


You had 3 spell levels left.
You knew the following spells:

 Your Spells              Type           Power      Damage    Failure   Level
a - Necrotise             Necr           64%        1d7       3%          1

Your spell library contained the following spells:

 Spells                   Type           Power      Damage    Failure   Level
 Vampiric Draining        Necr           16%        2d7       10%         3
 Animate Dead             Necr           16%        N/A       30%         4
 Agony                    Necr           16%        N/A       65%         5


Dungeon Overview and Level Annotations

Branches:
Dungeon (1/15)

Altars:


Message History

The jackal barely misses your jackal skeleton.
Your jackal skeleton bites the jackal.
The jackal bites your jackal skeleton.
Your jackal skeleton is destroyed!
There is an open gate here.
The jackal bites you.
You hit the jackal.
The jackal is heavily wounded.
The jackal misses you.
You hit the jackal but do no damage.
The jackal is heavily wounded.
The jackal completely misses you.
The jackal bites you but does no damage.
The jackal bites you.
You hit the jackal but do no damage.
The jackal is heavily wounded.
The jackal completely misses you. The jackal closely misses you.
Unknown command.
You closely miss the jackal.
The jackal is heavily wounded.
The jackal bites you. x2
Unknown command.
You closely miss the jackal.
The jackal is heavily wounded.
The jackal bites you. x3
* * * LOW HITPOINT WARNING * * *
The jackal barely misses you.
Unknown command.
You closely miss the jackal.
The jackal is heavily wounded.
The jackal bites you but does no damage.
The jackal bites you.
* * * LOW HITPOINT WARNING * * *
Unknown command.
Aiming: Necrotise (safe; 3% risk of failure)
Press: ? - help, Q - select action Shift-Dir - straight line, f - jackal
Aim: a jackal (chance to affect: 86%)
The jackal writhes in agony.
The jackal bites you.
You die...

♣♣........h.#
♣.8..8.h8###
♣.......##
♣......##
♣♣....##
♣....# ♣♣..h#
♣♣hh# ♣♣@#
♣♣♣


You could see 3 jackals.

Vanquished Creatures
  2 hobgoblins (D:1)
  A jackal (D:1)
3 creatures vanquished.

Vanquished Creatures (collateral kills)
  A frilled lizard (D:1)
1 creature vanquished.

Grand Total: 4 creatures vanquished

Notes
Turn   | Place    | Note
-------+----------+-------------------------------------------
     0 | D:1      | BubbleThief the Demonspawn Necromancer began the quest for
                  | the Orb.
     0 | D:1      | Reached XP level 1. HP: 13/13 MP: 3/3
    65 | D:1      | Slain by a jackal

Illustrated notes

Levels and vault maps discovered:
D:1:      kennysheep_arrival_forest, layout_loops_ring, serial_shops,
          shop_fountains

Action                     || total
---------------------------++-------
  Melee: Unarmed           ||     8
   Cast: Necrotise         ||     5
 Armour: Robe              ||     4
  Dodge: Dodged            ||     9

Table legend: (Time is in decaauts)
 A = Elapsed time spent in this place.
 B = Non-inter-level travel time spent in this place.
 C = Inter-level travel time spent in this place.
 D = Time resting spent in this place.
 E = Time spent auto-exploring this place.
 F = Levels seen in this place.
 G = Mean time per level.
                   A        B        C        D        E       F      G
               +--------+--------+--------+--------+--------+-----+--------+
         Total |     65 |     65 |      0 |      0 |     24 |   1 |   65.0 |
       Dungeon |     65 |     65 |      0 |      0 |     24 |   1 |   65.0 |
               +--------+--------+--------+--------+--------+-----+--------+

Top non-repeatable levels by time:
     D:1: 65 daAuts
